 Dungeon Crawl Stone Soup version 0.28-a0-194-g42b4daccc1 (webtiles) character file.

Game seed: 16034610229419653798

79 bande the Skirmisher (level 4, -2/29 HPs)
             Began as a Gargoyle Fighter on Aug 18, 2021.
             Slain by an ogre (12 damage)
             ... on level 4 of the Dungeon.
             The game lasted 00:01:48 (871 turns).

bande the Skirmisher (Gargoyle Fighter)              Turns: 871, Time: 00:01:48

Health: -2/29      AC: 10    Str: 19    XL:     4   Next: 38%
Magic:  4/4        EV:  7    Int:  9    God:
Gold:   799        SH:  8    Dex: 10    Spells: 3/3 levels left

rFire   . . .      SeeInvis .   a - +0 war axe
rCold   . . .      Faith    .   c - +0 kite shield
rNeg    + . .      Spirit   .   b - +0 scale mail
rPois   ∞          Reflect  .   (no helmet)
rElec   +          Harm     .   (no cloak)
rCorr   .          Rampage  .   (no gloves)
Will    .....                   (no boots)
Stlth   ..........              (no amulet)
HPRegen 0.09/turn               (no ring)
MPRegen 0.09/turn               (no ring)

@: no status effects
A: sickness immunity, AC +3, negative energy resistance 1, electricity
resistance, torment resistance 1, petrification resistance
a: no special abilities


You were on level 4 of the Dungeon.
You visited 1 branch of the dungeon, and saw 3 of its levels.

You collected 799 gold pieces.

Inventory:

Hand Weapons
 a - a +0 war axe (weapon)
 g - a +0 flail
Missiles
 f - a throwing net (quivered)
Armour
 b - a +0 scale mail (worn)
 c - a +0 kite shield (worn)
Potions
 d - a potion of might
 e - a potion of berserk rage {unknown}


   Skills:
 + Level 3.9 Fighting
 + Level 2.7 Axes
 + Level 3.8 Armour
 + Level 0.3 Dodging
 + Level 3.8 Shields


You had 3 spell levels left.
You didn't know any spells.
Your spell library was empty.

Dungeon Overview and Level Annotations

Branches:
Dungeon (2/15)

Altars:


Innate Abilities, Weirdness & Mutations

You are immune to sickness and miasma.
Your stone body is resilient. (AC +3)
You are immune to poison.
You resist negative energy. (rN+)
You are resistant to electric shocks. (rElec)
You are resistant to unholy torment.
You are immune to petrification.


Message History

You slash the endoplasm!
You kill the endoplasm!
No target in view!
No target in view!
No target in view!
An endoplasm comes into view.
The endoplasm quivers.
An endoplasm is nearby!
The endoplasm hits you but does no damage.
You hit the endoplasm.
You kill the endoplasm!
No target in view!
No target in view!
No target in view!
No target in view!
No target in view!
No target in view!
Found a stone staircase leading up.
An orc comes into view. It is wielding a +0 dagger.
The orc shouts!
You hear a shout!
The orc completely misses you.
You hit the orc.
The orc is moderately wounded.
The orc hits you but does no damage. The orc hits you with a +0 dagger.
You hit the orc.
You kill the orc!
An ogre comes into view. It is wielding a +0 giant spiked club.
You see here a +0 dagger.
You barely miss the ogre. The ogre barely misses you.
The ogre hits you with a +0 giant spiked club!!
Ouch! That really hurt!
You are too injured to fight recklessly!
You are too injured to fight recklessly!
You hit the ogre but do no damage. You block the ogre's attack.
Unknown command.
You barely miss the ogre. You block the ogre's attack.
You slash the ogre!
The ogre is moderately wounded.
The ogre hits you with a +0 giant spiked club!
You die...

#... ... #.####.# #####....[#
#...#.#...# #..#...#).#
#.#.....#.#####
##.......##... #.....#####.O#
##.......##.@# #.#.....#.#.)#
#..#...#..#..####
#...#.#...#.....###
#####.....#..##...#######
#...#.#...#..####.......#####
#..#...#..#..# #######......
#.#.....#.#..# #.......
##.......##### #.......


You could see an ogre.

Vanquished Creatures
  A gnoll (D:1)
  2 adders (D:2)
  A worm (D:2)
  2 dart slugs (D:1)
  2 orcs (D:4)
  3 ball pythons (D:1)
  2 bats (D:1)
  4 endoplasms
  3 giant cockroaches (D:1)
  2 goblins
  3 hobgoblins
  6 jackals
  3 kobolds
  2 frilled lizards (D:1)
  3 rats (D:1)
39 creatures vanquished.

Notes
Turn   | Place    | Note
-------+----------+-------------------------------------------
     0 | D:1      | bande the Gargoyle Fighter began the quest for the Orb.
     0 | D:1      | Reached XP level 1. HP: 14/14 MP: 1/1
    61 | D:1      | Reached XP level 2. HP: 19/19 MP: 2/2
   127 | D:1      | Reached XP level 3. HP: 24/24 MP: 3/3
   491 | D:1      | Found a faded altar of an unknown god.
   621 | D:2      | Reached XP level 4. HP: 28/29 MP: 4/4
   734 | D:2      | You fall into a shaft and drop 2 floors!
   750 | D:4      | Identified a scroll of acquirement
   750 | D:4      | Acquired 725 gold pieces
   865 | D:4      | Noticed an ogre
   871 | D:4      | Slain by an ogre

Illustrated notes

Levels and vault maps discovered:
D:1:      dpeg_arrival_refuge, layout_rooms,
          shapermc_ecumenical_altar_acropolis, minmay_misc_feat_tiny
D:2:      layout_rooms
D:4:      minmay_clustersquares, layout_rooms, lemuel_coloured_pillars_altar,
          minmay_temple_entry_enclosed_plants, serial_shops, shop,
          hangedman_decor_diamond_cutter, minmay_manual_macuahuitl

Skill      XL: |  1  2 |
---------------+-------+-----
Axes           | 2 |  2.7
Fighting       | |  3.9
Armour         | |  3.8
Dodging        | |  0.3
Shields        | |  3.8

Action                   |  1- 3 |  4- 6 || total
-------------------------+-------+-------++-------
Melee: War axe           |    80 |    29 ||   109
  Use: Scroll            |       |     1 ||     1
Armor: Scale mail        |    47 |    14 ||    61
Dodge: Dodged            |    33 |     8 ||    41
Block: Kite shield       |    39 |    16 ||    55

Table legend: (Time is in decaauts)
 A = Elapsed time spent in this place.
 B = Non-inter-level travel time spent in this place.
 C = Inter-level travel time spent in this place.
 D = Time resting spent in this place.
 E = Time spent auto-exploring this place.
 F = Levels seen in this place.
 G = Mean time per level.
                   A        B        C        D        E       F      G
               +--------+--------+--------+--------+--------+-----+--------+
         Total |    938 |    919 |     19 |    147 |    494 |   3 |  312.7 |
       Dungeon |    938 |    919 |     19 |    147 |    494 |   3 |  312.7 |
               +--------+--------+--------+--------+--------+-----+--------+

Top non-repeatable levels by time:
     D:1: 635 daAuts
     D:2: 152 daAuts
     D:4: 150 daAuts
